 Dungeon Crawl Stone Soup version 0.30-a0-305-g026cb31310 (webtiles) character file.

Game seed: 5275903418945114091

82 pyrow613 the Charlatan (level 4, -3/37 HPs)
             Began as a Demigod Artificer on Oct 21, 2022.
             Slain by a gnoll
             ... wielding a +0 whip
              (7 damage)
             ... on level 2 of the Dungeon.
             The game lasted 00:06:59 (1059 turns).

pyrow613 the Charlatan (Demigod Artificer)          Turns: 1059, Time: 00:07:00

Health: -3/37      AC:  6    Str: 17    XL:     4   Next: 1%
Magic:  6/6        EV:  9    Int: 13    God:
Gold:   115        SH:  0    Dex: 14    Spells: 3/3 levels left

rFire   . . .      SeeInvis .    a - +0 short sword
rCold   . . .      Faith    .    (no shield)
rNeg    . . .      Spirit   .    f - +0 scale mail
rPois   .          Reflect  .    (no helmet)
rElec   .          Harm     .    (no cloak)
rCorr   .          Rampage  .    (no gloves)
Will    .....                    (no boots)
Stlth   ..........               (no amulet)
HPRegen 0.26/turn                (no ring)
MPRegen 0.10/turn                (no ring)

@: no status effects
A: high MP 1, forlorn, divine attributes
a: no special abilities


You were on level 2 of the Dungeon.
You visited 1 branch of the dungeon, and saw 2 of its levels.

You collected 115 gold pieces.

Inventory:

Hand Weapons
 a - a +0 short sword (weapon)
Armour
 b - a +1 robe of the Archmagi
 f - a +0 scale mail (worn)
Wands
 d - a wand of charming (15)
 e - a wand of iceblast (5)
Scrolls
 g - 2 scrolls of identify {unknown}
 h - a scroll of butterflies {unknown}
 k - a scroll of poison {unknown}
Potions
 i - a potion of magic {unknown}


   Skills:
 * Level 2.6 Fighting
 + Level 2.5 Armour
 - Level 0.8 Dodging
 - Level 0.8 Stealth
 + Level 3.2 Evocations


You had 3 spell levels left.
You didn't know any spells.
Your spell library contained the following spells:

 Spells                   Type           Power      Damage    Failure   Level
 Blink                    Tloc           0%         N/A       83%         2
 Momentum Strike          Conj/Tloc      0%         3d8       83%         2
 Lesser Beckoning         Tloc           0%         N/A       97%         3


Dungeon Overview and Level Annotations

Branches:
Dungeon (2/15)


Innate Abilities, Weirdness & Mutations

You have an increased reservoir of magic. (+10% MP)
You shall have no god before yourself.
Your divine heritage dramatically boosts your attributes as you level up.


Message History

You hit the gnoll but do no damage. The gnoll barely misses you.
You hit the gnoll.
The gnoll is lightly wounded.
The gnoll barely misses you.
You hit the gnoll but do no damage.
The gnoll is lightly wounded.
The gnoll hits you with a +0 whip.
Aiming: Throw Flame
Press: ? - help, Q - select action, (/) - cycle Shift-Dir - straight line, f - gnoll
Aim: a gnoll, wielding a +0 whip (lightly wounded, 75% to hit)
The puff of flame hits the gnoll.
The gnoll is heavily wounded.
The gnoll hits you but does no damage.
Aiming: Throw Flame
Press: ? - help, Q - select action, (/) - cycle Shift-Dir - straight line, f/p - gnoll
Aim: a gnoll, wielding a +0 whip (heavily wounded, 75% to hit)
The puff of flame misses the gnoll.
The gnoll hits you with a +0 whip.
* * * LOW HITPOINT WARNING * * *
Aiming: Throw Flame
Press: ? - help, Q - select action, (/) - cycle Shift-Dir - straight line, f/p - gnoll
Aim: a gnoll, wielding a +0 whip (moderately wounded, 75% to hit)
The puff of flame misses the gnoll.
The gnoll misses you.
Unknown command.
Aiming: Throw Flame
Press: ? - help, Q - select action, (/) - cycle Shift-Dir - straight line, f/p - gnoll
Aim: a gnoll, wielding a +0 whip (moderately wounded, 75% to hit)
The puff of flame hits the gnoll.
The gnoll is heavily wounded.
The gnoll hits you with a +0 whip.
* * * LOW HITPOINT WARNING * * *
Aiming: Throw Flame
Press: ? - help, Q - select action, (/) - cycle Shift-Dir - straight line, f/p - gnoll
Aim: a gnoll, wielding a +0 whip (heavily wounded, 75% to hit)
The puff of flame hits the gnoll.
The gnoll is severely wounded.
The now-empty wand crumbles to dust.
The gnoll hits you with a +0 whip!
You die...

#.#.#†..#
#.......#
##.#.#...#
#########
...#.#....<.
#..#.#.#.####
#..#.#.#)#
#..#)#.#)#
#..#.#.#.#
#..#.#.#g#
#...<#.#@#
#..###.#.#
#......#.#
#.######.#
#........#
########.#
###


You could see a gnoll.

Vanquished Creatures
  3 gnolls (D:2)
  2 adders (D:2)
  A dart slug (D:2)
  6 bats
  3 endoplasms
  2 giant cockroaches (D:1)
  4 goblins (D:1)
  2 hobgoblins (D:1)
  A quokka (D:1)
  A ball python (D:2)
  A frilled lizard (D:1)
  6 kobolds
  2 rats (D:1)
34 creatures vanquished.

Notes
Turn   | Place    | Note
-------+----------+-------------------------------------------
     0 | D:1      | pyrow613 the Demigod Artificer began the quest for the Orb.
     0 | D:1      | Reached XP level 1. HP: 15/15 MP: 3/3
    34 | D:1      | Reached skill level 1 in Fighting
   204 | D:1      | Reached XP level 2. HP: 23/23 MP: 4/4
   425 | D:1      | Reached skill level 3 in Evocations
   859 | D:2      | Reached XP level 3. HP: 29/29 MP: 5/5
  1050 | D:2      | Reached XP level 4. HP: 25/37 MP: 6/6
  1059 | D:2      | Slain by a gnoll

Illustrated notes

Levels and vault maps discovered:
D:1:      dpeg_arrival_tiny_e, layout_loops_ring
D:2:      layout_basic, basic_altar

Skill      XL: |  1  2 |
---------------+-------+-----
Fighting       | 1 2 |  2.6
Armour         | 2 |  2.5
Evocations     | 3 |  3.2
Dodging        | |  0.8
Stealth        | |  0.8

Action                   |  1- 3 |  4- 6 || total
-------------------------+-------+-------++-------
Melee: Dagger            |    18 |       ||    18
       Short sword       |   118 |     5 ||   123
       Club              |     3 |       ||     3
       Punch             |     1 |       ||     1
Throw: Stone             |    11 |       ||    11
       Dart              |     3 |       ||     3
Evoke: Wand              |    10 |     5 ||    15
Armor: Scale mail        |    64 |     1 ||    65
Dodge: Dodged            |    70 |     4 ||    74

Table legend: (Time is in decaauts)
 A = Elapsed time spent in this place.
 B = Non-inter-level travel time spent in this place.
 C = Inter-level travel time spent in this place.
 D = Time resting spent in this place.
 E = Time spent auto-exploring this place.
 F = Levels seen in this place.
 G = Mean time per level.
                   A        B        C        D        E       F      G
               +--------+--------+--------+--------+--------+-----+--------+
         Total |   1060 |   1030 |     30 |     44 |    663 |   2 |  530.0 |
       Dungeon |   1060 |   1030 |     30 |     44 |    663 |   2 |  530.0 |
               +--------+--------+--------+--------+--------+-----+--------+

Top non-repeatable levels by time:
     D:1: 894 daAuts
     D:2: 165 daAuts
